 Dungeon Crawl Stone Soup version 0.32-a0-42-ga30500b (webtiles) character file.

Game seed: 190784685300711734

8013 Dorkslayer the Covert (level 11, -1/72 HPs)
             Began as an Octopode Fighter on Jan 30, 2024.
             Was an Initiate of Dithmenos.
             Killed by psychic fangs
             ... invoked by a brain worm
              (8 damage)
             ... on level 2 of the Abyss.
             The game lasted 00:23:30 (7153 turns).

Dorkslayer the Covert (Octopode Fighter)            Turns: 7153, Time: 00:23:31

Health: -1/72      AC:  1    Str: 24    XL:     11   Next: 24%
Magic:  9/11       EV: 24    Int: 10    God:    Dithmenos [......]
Gold:   535        SH:  6    Dex: 12    Spells: 10/10 levels left

rFire   . . .        l - +1 morningstar "Pemax" {protect, ^Fragile rC+ Str+4 Stlth+}
rCold   + . .        a - +1 buckler
rNeg    . . .        (helmet currently unavailable)
rPois   .            w - amulet of regeneration
rElec   .            f - +5 ring of evasion
rCorr   .            t - ring of see invisible
SInv    +            q - +4 ring of slaying
Will    .....        A - +5 ring of evasion
Stlth   ++++++       (no ring)
HPRegen 1.12/turn    (no ring)
MPRegen 0.12/turn    (no ring)
                     (no ring)

%: no passive effects
@: beast-form
A: beast (slay +3), almost no armour, amphibious, 8 rings, camouflage 1,
gelatinous body 1, (nimble swimmer 1), tentacles
a: Begin Untransformation, Renounce Religion


You were on level 2 of the Abyss.
You worshipped Dithmenos.
Dithmenos was noncommittal.
You were a hulking beast.
You visited 2 branches of the dungeon, and saw 11 of its levels.
You visited the Abyss 1 time.

You collected 535 gold pieces.

Inventory:

Hand Weapons
 l - the +1 morningstar "Pemax" (weapon) {protect, ^Fragile rC+ Str+4 Stlth+}
   (You found it on level 2 of the Dungeon)

   Str+4:     It affects your strength (+4).
   rC+:       It protects you from cold.
   ^Fragile:  It will be destroyed if unequipped.
   Stlth+:    It makes you more stealthy.
 m - a +0 war axe
Missiles
 o - 2 boomerangs
 s - 5 throwing nets
Armour
 a - a +1 buckler (worn)
Jewellery
 f - a +5 ring of evasion (left tentacle)
 q - a +4 ring of slaying (on tentacle)
 t - a ring of see invisible (right tentacle)
 w - an amulet of regeneration (around mantle)
 A - a +5 ring of evasion (on tentacle)
Talismans
 c - a serpent talisman
 p - a beast talisman (active)
Wands
 k - a wand of polymorph (6)
 r - a wand of flame (16)
 x - a wand of charming (3)
 C - a wand of roots (4)
Scrolls
 e - 5 scrolls of teleportation
 g - 2 scrolls of blinking
 y - 2 scrolls of poison {unknown}
 z - a scroll of enchant weapon
 D - 2 scrolls of torment {unknown}
 F - a scroll of amnesia {unknown}
Potions
 b - 4 potions of might
 d - a potion of enlightenment
 h - 2 potions of haste
 i - 2 potions of brilliance {unknown}
 j - 3 potions of curing
 n - 4 potions of mutation {unknown}
 v - 2 potions of ambrosia
 B - a potion of heal wounds


   Skills:
 + Level 6.1 Fighting
 - Level 7.4 Maces & Flails
 + Level 0.7 Throwing
 + Level 6.0 Dodging
 + Level 9.0 Stealth
 + Level 4.5 Shields
 * Level 7.9 Unarmed Combat
 + Level 5.8 Evocations
 * Level 5.5 Shapeshifting


You had 10 spell levels left.
You didn't know any spells.
Your spell library contained the following spells:

 Spells                   Type           Power      Damage    Failure   Level
 Scorch                   Fire           0%         2d5       56%         2
 Animate Dead             Necr           0%         N/A       99%         4
 Flame Wave               Conj/Fire      0%         2d4       99%         4
 Summon Cactus Giant      Summ           0%         N/A       100%        6
 Haunt                    Necr/Summ      0%         N/A       100%        7
 Infestation              Necr           0%         N/A       100%        8


Dungeon Overview and Level Annotations

Branches:
Dungeon (10/15)            Temple (1/1) D:5            Lair (0/5) D:9
    Orc: D:9-12

Altars:
Ashenzari
Cheibriados
Dithmenos
Elyvilon
Fedhas
Gozag
Hepliaklqana
Kikubaaqudgha
Makhleb
Nemelex Xobeh
Okawaru
Qazlal
Ru
Sif Muna
Trog
Uskayaw
Vehumet
Wu Jian
Xom
Yredelemnul
Zin
The Shining One

Annotations:
D:10 Erolcha


Innate Abilities, Weirdness & Mutations

You are a hulking beast.
Your limbs bulge with bestial killing power. (Slay +3)
You cannot wear most types of armour.
You are amphibious.
You can wear up to eight rings at the same time.
Your skin changes colour to match your surroundings (Stealth+).
Your rubbery body absorbs attacks. (AC +1, EV +1)
((You are camouflaged when in or above water. (Stealth+)))
You have tentacles for arms and can constrict up to eight enemies at once.


Message History

Throw: dart (curare)
Press: ? - help, Q - select action, (/) - cycle Shift-Dir - straight line, f/p - Erolcha
Aim: Erolcha, wielding a +0 giant club and wearing a +0 robe (moderately wounded, extremely poisoned, slow, 76% to hit)
You throw a curare-tipped dart. The curare-tipped dart hits Erolcha.
Erolcha looks as sick as possible!
Erolcha struggles to breathe.
Erolcha seems to be slow for longer.
Erolcha is moderately wounded.
Aiming: Throw Flame
Press: ? - help, Shift-Dir - straight line, f/p - Erolcha
Aim: Erolcha, wielding a +0 giant club and wearing a +0 robe (heavily wounded, extremely poisoned, slow, 84% to hit)
The puff of flame hits Erolcha!
Erolcha is heavily wounded.
Erolcha gestures at you while chanting. You resist with some effort.
Aiming: Throw Flame
Press: ? - help, Shift-Dir - straight line, f/p - Erolcha
Aim: Erolcha, wielding a +0 giant club and wearing a +0 robe (heavily wounded, extremely poisoned, slow, 84% to hit)
The puff of flame misses Erolcha.
Erolcha points at you and mumbles some strange words.
You are cast into the Abyss!
This branch contains the abyssal rune of Zot.
A spriggan defender zombie comes into view.
A sixfirhy comes into view.
The sixfirhy completely misses you. The sixfirhy misses you.
You closely miss the sixfirhy. Your grab misses the sixfirhy.
The spriggan defender zombie hits you!!
The brain worm's bulging head throbs.
Something gnaws on your mind!
You feel your power leaking away.
Unknown command.
You miss the sixfirhy. Your grab misses the sixfirhy. You squeeze the sixfirhy!
The sixfirhy is moderately wounded.
The sixfirhy misses you. x2; The sixfirhy completely misses you.
The spriggan defender zombie hits you! The sixfirhy hits you!
* * * LOW HITPOINT WARNING * * *
The sixfirhy shocks you!
* * * LOW HITPOINT WARNING * * *
The brain worm's bulging head throbs.
Something gnaws on your mind!
You die...

... .... .. #..
#..#
..##..##..######
..............
.............# #
#.. #..#
#..##w.##..###.#
.......3Z......#
.......h.....#.#
#..##..##..###
#.. #..# ....
..... .....
.....# #..##..
#..##.. #.. #..
..# .. .. ...


You could see a sixfirhy, a brain worm and a spriggan defender zombie.

Vanquished Creatures
  A two-headed ogre (D:10)
  Amaemon (D:8)
  An orange demon (D:8)
  A komodo dragon (D:8)
  A shadow (D:9)
  A vampire (D:9)
  Sigmund (D:6)
  3 wyverns
  8 yaks (D:9)
  5 steam dragons
  An acid dragon (D:9)
  2 water moccasins (D:6)
  2 orc warriors (D:7)
  5 ice beasts
  A sky beast (D:8)
  2 phantoms (D:5)
  A centaur (D:9)
  3 kobold brigands
  6 bullfrogs
  2 scorpions
  3 wights (D:9)
  5 killer bees (D:8)
  2 howler monkeys (D:8)
  7 hounds
  2 jellies
  Crazy Yiuf (D:6)
  2 bombardier beetles (D:6)
  4 orc priests
  A gnoll bouda (D:8)
  6 iguanas
  5 sleepcaps
  6 orc wizards
  11 gnolls
  8 adders
  A shadow imp (D:5)
  2 white imps
  2 ufetubi (D:4)
  2 dart slugs
  4 ribbon worms
  20 orcs
  10 endoplasms
  2 giant cockroaches
  4 goblins
  6 hobgoblins
  7 jackals
  4 quokkas
  6 ball pythons
  8 bats
  3 frilled lizards (D:1)
  5 kobolds
  6 rats
203 creatures vanquished.

Notes
Turn   | Place    | Note
-------+----------+-------------------------------------------
     0 | D:1      | Dorkslayer the Octopode Fighter began the quest for the
                  | Orb.
     0 | D:1      | Reached XP level 1. HP: 16/16 MP: 1/1
   165 | D:1      | Reached XP level 2. HP: 14/21 MP: 2/2
   673 | D:1      | Reached XP level 3. HP: 26/26 MP: 3/3
  1032 | D:2      | Identified a scroll of acquirement
  1032 | D:2      | Acquired a +5 ring of evasion
  1169 | D:2      | Found a shimmering blue altar of Sif Muna.
  1385 | D:2      | Found a faded altar of an unknown god.
  1744 | D:2      | Identified the +1 morningstar "Pemax" {protect, ^Fragile
                  | rC+ Str+4 Stlth+}
  1962 | D:3      | Reached skill level 1 in Stealth
  1964 | D:3      | Reached skill level 1 in Shapeshifting
  1964 | D:3      | Reached XP level 4. HP: 31/31 MP: 4/4
  1965 | D:3      | Reached skill level 2 in Stealth
  2064 | D:3      | Reached XP level 5. HP: 36/36 MP: 5/5
  2156 | D:3      | Reached skill level 3 in Stealth
  2496 | D:3      | Reached skill level 1 in Maces & Flails
  2953 | D:4      | Reached XP level 6. HP: 42/42 MP: 6/6
  3407 | D:5      | Entered Level 5 of the Dungeon
  3553 | D:5      | Reached skill level 4 in Stealth
  3632 | D:5      | Found a staircase to the Ecumenical Temple.
  3642 | D:5      | Reached XP level 7. HP: 39/48 MP: 7/7
  3650 | Temple   | Entered the Ecumenical Temple
  4178 | D:6      | Reached XP level 8. HP: 54/54 MP: 8/8
  4206 | D:6      | Reached skill level 5 in Stealth
  4488 | D:6      | Reached skill level 1 in Evocations
  4493 | D:6      | Reached skill level 5 in Unarmed Combat
  4562 | D:6      | Reached skill level 6 in Stealth
  4694 | D:6      | Reached skill level 5 in Maces & Flails
  4722 | D:6      | Reached XP level 9. HP: 59/59 MP: 9/9
  4724 | D:6      | Noticed Sigmund
  4732 | D:6      | Killed Sigmund
  5016 | D:6      | Found a runed translucent door.
  5017 | D:6      | Noticed Crazy Yiuf
  5026 | D:6      | Killed Crazy Yiuf
  5097 | D:7      | Reached skill level 7 in Stealth
  5215 | D:7      | Found a basalt altar of Yredelemnul.
  5291 | D:7      | Identified the +3 shortbow of Yeast {speed, rN+}
  5539 | D:8      | Noticed a komodo dragon
  5555 | D:8      | Killed a komodo dragon
  5556 | D:8      | Reached skill level 5 in Fighting
  5649 | D:8      | Reached XP level 10. HP: 27/66 MP: 10/10
  5708 | D:8      | You fall into a shaft and drop 1 floor!
  6085 | D:8      | Reached skill level 5 in Dodging
  6098 | D:8      | Found a radiant altar of Vehumet.
  6098 | D:8      | Found a stormy altar of Qazlal.
  6105 | D:8      | Found a hazy altar of Hepliaklqana.
  6110 | D:8      | Found a bloodstained altar of Trog.
  6119 | D:8      | Found a glowing silver altar of Zin.
  6122 | D:8      | Found a shadowy altar of Dithmenos.
  6125 | D:8      | Found a sparkling altar of Nemelex Xobeh.
  6126 | D:8      | Found a white marble altar of Elyvilon.
  6128 | D:8      | Became a worshipper of Dithmenos the Shadowed
  6139 | D:8      | Noticed Amaemon
  6141 | D:8      | Noticed an orange demon
  6149 | D:8      | Killed an orange demon
  6150 | D:8      | Reached skill level 5 in Evocations
  6150 | D:8      | Reached skill level 5 in Shapeshifting
  6155 | D:8      | Killed Amaemon
  6618 | D:9      | Reached skill level 8 in Stealth
  6618 | D:9      | Reached XP level 11. HP: 66/72 MP: 11/11
  6934 | D:9      | Found a staircase to the Lair.
  6958 | D:10     | Entered Level 10 of the Dungeon
  7012 | D:10     | Noticed a two-headed ogre
  7022 | D:10     | Killed a two-headed ogre
  7023 | D:10     | Reached skill level 9 in Stealth
  7114 | D:10     | Noticed Erolcha
  7123 | Abyss:2  | Cast into level 2 of the Abyss (Erolcha)
  7149 | Abyss:2  | Noticed a sixfirhy
  7153 | Abyss:2  | Killed from afar by a brain worm

Illustrated notes

Levels and vault maps discovered:
D:1:      minmay_arrival_split_and_join, layout_basic
D:2:      layout_loops_corners, ebering_ecumenical_altar_mist, basic_altar
D:3:      layout_basic, kennysheep_cross_room
D:4:      layout_loops_ring
D:5:      layout_gridville, minmay_temple_entry_waves, hex_tiny, minivault_24
D:6:      minmay_razor_zed, layout_basic, uniq_sigmund, uniq_crazy_yiuf_cottage
D:7:      layout_rooms, kennysheep_mini_moat
D:8:      layout_cave_pods, nicolae_overflow_hallway_of_the_gods, uniq_amaemon
D:9:      kennysheep_blocky_hall, layout_rooms, lair_entry_dummy,
          chequers_garden, chequers_serial_rivers_micro_b
D:10:     layout_basic, orc_david_3, hangedman_ranch, uniq_erolcha, uniq_joseph
Temple:   dshaligram_water_room_temple
Abyss:2:  base:
D:2

Skill      XL: |  1  2  3  4  5  6  7  8  9 10 11 |
---------------+----------------------------------+-----
Stealth        | 1 2 3 4 6 7 8 9 |  9.0
Unarmed Combat | 3 4 5 6 7 |  7.9
Shapeshifting  | 1 2 3 4 5 |  5.5
Maces & Flails | 1 2 3 5 6 7 |  7.4
Fighting       | 4 5 6 |  6.1
Evocations     | 2 4 5 |  5.8
Dodging        | 4 5 6 |  6.0
Shields        | 4 |  4.5
Throwing       | |  0.7

Action                     |  1- 3 |  4- 6 |  7- 9 | 10-12 || total
---------------------------+-------+-------+-------+-------++-------
  Melee: Unarmed           |    83 |       |       |       ||    83
         Tentacles         |    18 |    11 |    34 |    30 ||    93
         Constrict         |    24 |    20 |    30 |    15 ||    89
         Punch             |     4 |     2 |     6 |     8 ||    20
         Morningstar       |     8 |    83 |   131 |   111 ||   333
  Throw: Dart              |       |       |     3 |     5 ||     8
  Evoke: Wand              |       |       |     3 |     5 ||     8
    Use: Scroll            |     3 |       |    11 |     5 ||    19
         Potion            |       |       |       |     1 ||     1
   Stab: Sleeping          |     7 |    15 |    15 |     8 ||    45
 Armour: Skin              |    37 |    32 |    52 |    44 ||   165
  Dodge: Dodged            |    56 |    64 |    84 |    91 ||   295
  Block: Buckler           |    25 |    20 |    24 |    25 ||    94
   Form: Beast             |       |     1 |       |       ||     1

Table legend: (Time is in decaauts)
 A = Elapsed time spent in this place.
 B = Non-inter-level travel time spent in this place.
 C = Inter-level travel time spent in this place.
 D = Time resting spent in this place.
 E = Time spent auto-exploring this place.
 F = Levels seen in this place.
 G = Mean time per level.
                   A        B        C        D        E       F      G
               +--------+--------+--------+--------+--------+-----+--------+
         Total |   7251 |   7251 |      0 |     59 |   3643 |  12 |  604.2 |
       Dungeon |   7169 |   7169 |      0 |     59 |   3643 |  10 |  716.9 |
        Temple |     51 |     51 |      0 |      0 |      0 |   1 |   51.0 |
         Abyss |     29 |     29 |      0 |      0 |      0 |   1 |   29.0 |
               +--------+--------+--------+--------+--------+-----+--------+

Top non-repeatable levels by time:
     D:1: 1029 daAuts
     D:3: 978 daAuts
     D:6: 933 daAuts
     D:8: 903 daAuts
     D:2: 786 daAuts
     D:5: 732 daAuts
     D:4: 645 daAuts
     D:9: 581 daAuts
     D:7: 411 daAuts
    D:10: 166 daAuts
  Temple: 51 daAuts
 Abyss:2: 29 daAuts
